AoeStats
← tavoo

Arabia

507848360Analyzed
1v1 RM · 14d ago on Sep 19, 2026· 23m 3s· 2 players
Game mode
Random Map
Map size
Tiny (2 player)
Population
200
Speed
Normal
Resources
Standard
Victory
Conquest
Starting age
Dark Age
Ending age
Imperial Age
RankedLock teamsTeams togetherTeam positionsShared explorationLock speedFull tech treeHidden civsTurbo modeCheats
Victory
Defeat
🇨🇭 Koreans · Switzerland
1411
+14
🇲🇽 Khmer · Mexico
1371
-14
tavoo
6:52 Loom
9:28 Feudal Age
10:05 Double-Bit Axe
10:45 Man-at-Arms
14:58 Forging
17:28 Scale Barding Armor
19:18 Padded Archer Armor
20:04 Fletching
21:28 Bloodlines
25:28 Castle Age
SkySailor
6:42 Loom
9:12 Feudal Age
9:16 Man-at-Arms
9:59 Double-Bit Axe
20:48 Castle Age
20:58 Crossbowman
21:30 Fletching
22:12 Bodkin Arrow
Connection lost

Rejoining the realm…

Still unreachable

The connection could not be restored.

Session expired

The server has moved on; the page needs a fresh start.